 Dungeon Crawl Stone Soup version 0.21-a0-496-g696f58f (webtiles) character file.

5663 kae the Geomancer (level 10, -2/60 HPs)
             Began as a Gargoyle Earth Elementalist on Nov 23, 2017.
             Was a Follower of Vehumet.
             Slain by Grum
             ... wielding a +0 spear of pain
              (15 damage)
             ... on level 8 of the Dungeon.
             The game lasted 00:11:04 (9457 turns).

kae the Geomancer (Gargoyle Earth Elementalist)     Turns: 9457, Time: 00:11:05

Health: -2/60      AC: 13    Str: 13    XL:     10   Next: 75%
Magic:  20/21      EV: 13    Int: 18    God:    Vehumet [*.....]
Gold:   283        SH:  0    Dex: 10    Spells: 20/24 levels left

rFire    . . .     SeeInvis .   r - +3 spear (venom)
rCold    . . .     Gourm    .   (no shield)
rNeg     + . .     Faith    .   c - +0 robe
rPois    ∞         Spirit   .   s - +2 helmet
rElec    +         Reflect  .   (no cloak)
rCorr    .         Harm     .   (no gloves)
MR       .....                  j - +0 pair of boots
Stlth    ++........             (no amulet)
HPRegen  0.20/turn              (no ring)
MPRegen  0.17/turn              (no ring)

@: about to teleport
A: negative energy resistance 1, electricity resistance, unbreathing,
petrification resistance, rot immunity, AC +7
a: Renounce Religion


You were on level 8 of the Dungeon.
You worshipped Vehumet.
Vehumet was aware of your devotion.
You were not hungry.

You visited 2 branches of the dungeon, and saw 9 of its levels.

You collected 352 gold pieces.
You spent 69 gold pieces at shops.

Inventory:

Hand Weapons
 f - a +0 club
 h - a +0 hand axe
 r - a +3 spear of venom (weapon)
Missiles
 b - 75 stones (quivered)
Armour
 a - a +1 helmet of see invisible
 c - a +0 robe (worn)
 j - a +0 pair of boots (worn)
 s - a +2 helmet (worn)
Wands
 B - a wand of disintegration (26)
 F - a wand of scattershot (5)
 H - a wand of polymorph (16)
 J - a wand of flame (23)
Scrolls
 n - 4 scrolls of teleportation
 q - 2 scrolls of amnesia
 u - a scroll of fog
 y - a scroll of magic mapping
 G - a scroll of enchant weapon {unknown}
 I - a scroll of blinking
Potions
 k - a potion of magic
 o - 5 potions of haste
 p - 2 potions of curing
 t - a potion of resistance
 v - 2 potions of mutation
 w - 4 potions of flight {unknown}
 C - a potion of cancellation {unknown}
 D - a potion of ambrosia {unknown}
 E - a potion of invisibility {unknown}
 K - a potion of heal wounds {unknown}
Books
 e - a book of Geomancy

   Spells                             Type                      Level
   a - Sandblast                      Earth                        1
   b - Passwall                       Transmutation/Earth          2
   c - Stone Arrow                    Conjuration/Earth            3
   d - Petrify                        Transmutation/Earth          4
   e - Lee's Rapid Deconstruction     Earth                        5
 x - a book of Maledictions

   Spells                             Type                      Level
   a - Corona                         Hexes                        1
   b - Ensorcelled Hibernation        Hexes/Ice                    2
   c - Confuse                        Hexes                        3
   d - Tukima's Dance                 Hexes                        3
   e - Dazzling Spray                 Conjuration/Hexes            3
 z - a book of Minor Magic

   Spells                             Type                      Level
   a - Magic Dart                     Conjuration                  1
   b - Blink                          Translocation                2
   c - Call Imp                       Summoning                    2
   d - Slow                           Hexes                        2
   e - Conjure Flame                  Conjuration/Fire             3
   f - Mephitic Cloud                 Conjuration/Poison/Air       3
 A - a book of Misfortune

   Spells                             Type                      Level
   a - Confusing Touch                Hexes                        1
   b - Confuse                        Hexes                        3
   c - Gell's Gravitas                Translocation                3
   d - Petrify                        Transmutation/Earth          4
   e - Metabolic Englaciation         Hexes/Ice                    5
   f - Yara's Violent Unravelling     Hexes/Transmutation          5
Comestibles
 d - 7 bread rations
 g - 5 fruits
 i - 3 chunks of flesh
 m - 6 meat rations


   Skills:
 + Level 5.7 Fighting
 + Level 4.7 Dodging
 - Level 2.1 Stealth
 * Level 7.6 Spellcasting
 * Level 8.4 Conjurations
   Level 0.7 Transmutations
 * Level 10.3 Earth Magic


You had 20 spell levels left.
You knew the following spells:

 Your Spells              Type           Power        Failure   Level  Hunger
a - Sandblast             Erth           #####.       1%          1    None
b - Stone Arrow           Conj/Erth      #####.       1%          3    #......


Dungeon Overview and Level Annotations

Branches:
Dungeon (8/15)             Temple (1/1) D:7            Lair (0/6) D:8

Altars:
Ashenzari
Cheibriados
Dithmenos
Elyvilon
Fedhas
Gozag
Hepliaklqana
Makhleb
Nemelex Xobeh
Okawaru
Qazlal
Ru
Sif Muna
Trog
Uskayaw
Vehumet
Wu Jian
Xom
Yredelemnul
Zin
The Shining One

Shops:
D:5 :*}?:   D:6 [

Annotations:
D:8 Grum


Innate Abilities, Weirdness & Mutations

You are resistant to torment.
Your stone body is resilient. (AC +7)
You are immune to poison.
You resist negative energy. (rN+)
You are resistant to electric shocks. (rElec)
You can survive without breathing.
You are immune to petrification.
You are immune to rotting.


Message History

The wolf bites you but does no damage. Grum barely misses you.
The wolf bites you! x2
Casting: Sandblast
Confirm with . or Enter, or press ? or * to list all spells.
Aiming: Sandblast
Press: ? - help, Shift-Dir - straight line, f/p - gnoll
Aim: a gnoll, wielding a spear and wearing a robe The blast of sand hits the wolf.
The wolf is almost dead.
b - 75 stones The wolf barely misses you.
The wolf misses you.
Grum hits you from afar with a spear of pain!
* * * LOW HITPOINT WARNING * * *
The wolf bites you but does no damage. x2
Okay, then.
As you read the scroll of teleportation, it crumbles to dust.
You feel strangely unstable. The wolf closely misses you. The wolf bites you.
* * * LOW HITPOINT WARNING * * *
Grum hits you from afar with a spear of pain!
You die...

##........#### #..........##
##...........##
#.............#
##.............# ...#
#..............# ...#
##......(......### F..#
####h.............#
...######ggh@...........#.##
...##...hg####.............##
####..........##
##......###..#..
...............# ##...###
#....# ...<<..........#
###..## #...##
#.Fh.........g.# ##..###.#...
#..ghh.........# ##.....#≈.P
#..nh..........# ###....#...
...............# #........##


You could see Grum, 3 wolves and 2 gnolls.

Vanquished Creatures
  Erica (D:8)
  The ghost of tof the Cleaver, a novice MiBe of Trog (D:7)
  Pikel (D:6)
  Joseph (D:8)
  Prince Ribbit (D:8)
  Grinder (D:5)
  A hippogriff (D:8)
  Sigmund (D:3)
  Eustachio (D:5)
  Edmund (D:5)
  Duvessa (D:5)
  An orc warrior (D:7)
  A black bear (D:6)
  4 slaves (D:6)
  3 phantoms
  3 centaurs
  8 ogres
  A wolf (D:7)
  Blork the orc (D:5)
  A big kobold (D:7)
  3 bullfrogs
  Dowan (D:5)
  A scorpion (D:7)
  A killer bee (D:7)
  A crimson imp (D:7)
  A quasit (D:5)
  6 hounds
  A jelly (D:6)
  2 orc priests
  2 orc wizards
  An iguana (D:7)
  2 worker ants (D:7)
  Robin (D:2)
  A howler monkey zombie (D:3)
  2 worker ant zombies
  A gnoll (D:7)
  8 adders
  3 shadow imps
  3 oozes
  An adder zombie (D:7)
  4 worms
  3 dart slugs
  9 leopard geckos
  17 orcs
  2 ball pythons
  6 bats
  7 giant cockroaches
  11 goblins
  12 hobgoblins
  19 jackals
  6 quokkas
  5 frilled lizards
  10 kobolds
  A leopard gecko skeleton (D:4)
  4 rats
192 creatures vanquished.

Vanquished Creatures (others)
  An adder (D:6)
1 creature vanquished.

Grand Total: 193 creatures vanquished

Notes
Turn   | Place    | Note
-------+----------+-------------------------------------------
     0 | D:1      | kae the Gargoyle Earth Elementalist began the quest for the Orb.
     0 | D:1      | Reached XP level 1. HP: 10/10 MP: 3/3
   410 | D:1      | Reached XP level 2. HP: 11/15 MP: 5/5
   411 | D:1      | Reached skill level 4 in Earth Magic
  1190 | D:2      | Reached XP level 3. HP: 17/19 MP: 4/6
  1419 | D:2      | Learned a level 3 spell: Stone Arrow
  1861 | D:2      | Noticed Robin
  1959 | D:2      | Killed Robin
  1959 | D:2      | Reached XP level 4. HP: 22/24 MP: 3/8
  1977 | D:2      | Reached skill level 1 in Conjurations
  2335 | D:3      | Noticed a centaur
  2505 | D:2      | Killed a centaur
  2505 | D:2      | Reached skill level 1 in Fighting
  2505 | D:2      | Reached skill level 5 in Earth Magic
  2505 | D:2      | Reached XP level 5. HP: 9/29 MP: 1/10
  2728 | D:2      | Reached XP level 6. HP: 28/34 MP: 6/11
  3315 | D:3      | Noticed Sigmund
  3320 | D:3      | Killed Sigmund
  3320 | D:3      | Reached XP level 7. HP: 40/40 MP: 7/13
  3546 | D:4      | Reached skill level 6 in Earth Magic
  4477 | D:5      | Entered Level 5 of the Dungeon
  4650 | D:5      | Reached XP level 8. HP: 45/45 MP: 9/15
  4707 | D:5      | Found Liatut's Book Boutique.
  4724 | D:5      | Noticed Edmund
  4743 | D:5      | Killed Edmund
  4957 | D:5      | Reached skill level 5 in Spellcasting
  4957 | D:5      | Reached skill level 7 in Earth Magic
  4999 | D:5      | Found Houtuerph's Magic Scroll Shoppe.
  5044 | D:5      | Noticed Duvessa
  5044 | D:5      | Noticed Dowan
  5057 | D:5      | Killed Duvessa
  5057 | D:5      | Reached skill level 5 in Conjurations
  5062 | D:5      | Killed Dowan
  5211 | D:5      | Found Lazipir's Gadget Shop.
  5242 | D:5      | Bought a scroll of noise for 12 gold pieces
  5248 | D:5      | Found Kozoergh's Assorted Antiques.
  5256 | D:5      | Bought a scroll labeled MAGEM PIZIMIORCH for 19 gold pieces
  5256 | D:5      | Bought a scroll of identify for 38 gold pieces
  5267 | D:5      | Noticed Eustachio
  5283 | D:5      | Killed Eustachio
  5335 | D:5      | Found Dimm's Book Boutique.
  5341 | D:5      | Noticed Blork the orc
  5344 | D:5      | Noticed Grinder
  5365 | D:5      | Killed Blork the orc
  5389 | D:5      | Reached XP level 9. HP: 33/52 MP: 0/17
  5392 | D:5      | Killed Grinder
  5392 | D:5      | Reached skill level 8 in Earth Magic
  6180 | D:6      | Noticed Pikel
  6191 | D:6      | Killed Pikel
  6965 | D:6      | Found Cabliy's Antique Armour Boutique.
  7142 | D:7      | Found a staircase to the Ecumenical Temple.
  7167 | D:7      | Reached skill level 9 in Earth Magic
  7176 | Temple   | Entered the Ecumenical Temple
  7251 | Temple   | Became a worshipper of Vehumet
  7437 | D:7      | Noticed tof's ghost (novice MiBe)
  7448 | D:7      | Killed tof's ghost
  7448 | D:7      | Reached skill level 5 in Fighting
  7448 | D:7      | Reached XP level 10. HP: 49/59 MP: 5/20
  8239 | D:7      | Reached * piety under Vehumet
  8239 | D:7      | Offered knowledge of Freeze by Vehumet.
  8631 | D:8      | Noticed Grum
  8631 | D:8      | Noticed Prince Ribbit
  8711 | D:8      | Found a staircase to the Lair.
  8923 | D:8      | Noticed Joseph
  8944 | D:8      | Killed Joseph
  8944 | D:8      | Reached skill level 10 in Earth Magic
  9235 | D:8      | Noticed Erica
  9243 | D:8      | Killed Erica
  9344 | D:8      | Killed Prince Ribbit
  9457 | D:8      | Slain by Grum

Vault maps used:
D:1:      grunt_arrival_lava_bath, serial_bayou_pond_e, serial_bayou_lake_a
D:2:      uniq_robin
D:3:      first_bread, uniq_sigmund
D:5:      serial_shops, shop_statue, nicolae_shop_crystal, nicolae_shop_trees,
          nicolae_shop_window_shopping,
          nicolae_shop_temple_entry_statues_fountains, uniq_grinder,
          uniq_duvessa, uniq_edmund, uniq_eustachio, uniq_blork_the_orc
D:6:      serial_shops, nicolae_shop_crystal, uniq_pikel
D:7:      cheibrodos_barr_body, minmay_temple_entry_statues_fountains,
          grunt_ogre_cave
D:8:      dpeg_oklobed_lair, uniq_grum, uniq_prince_ribbit1, uniq_erica,
          uniq_joseph
Temple:   compressed_dpeg_triangle_lava_temple

Skill      XL: |  1  2  3  4  5  6  7  8  9 10 |
---------------+-------------------------------+-----
Earth Magic    | 4 5 6 7 9 10 | 10.3
Conjurations   | 1 2 3 4 5 7 8 |  8.4
Spellcasting   | 3 4 5 6 7 |  7.6
Fighting       | 1 2 3 5 |  5.7
Dodging        | 2 3 4 |  4.7
Stealth        | |  2.1
Transmutations | |  0.7

Action                   |  1- 3 |  4- 6 |  7- 9 | 10-12 || total
-------------------------+-------+-------+-------+-------++-------
Melee: Club              |   130 |       |       |       ||   130
       Unarmed           |     5 |       |       |       ||     5
       Hand axe          |    29 |    13 |       |       ||    42
       Spear             |       |    90 |   233 |    96 ||   419
 Cast: Sandblast         |    39 |    28 |    85 |    35 ||   187
       Stone Arrow       |     1 |       |    21 |    14 ||    36
  Use: Scroll            |     2 |     3 |    10 |     1 ||    16
       Potion            |     2 |       |       |     1 ||     3
 Stab: Sleeping          |     4 |     4 |     8 |     2 ||    18
       Distracted        |       |       |     1 |     2 ||     3
  Eat: Chunk             |     4 |     4 |    15 |     4 ||    27
       Royal jelly       |       |       |       |     1 ||     1
Armor: Robe              |    72 |    41 |   122 |    57 ||   292
       Skin              |       |       |       |     4 ||     4
Dodge: Dodged            |   129 |    84 |   183 |    87 ||   483

Table legend:
 A = Spawn XP
 B = Non-spawn XP
 C = Spawn XP percentage of total XP
 D = Spawn monster count
 E = Non-spawn monster count
 F = Spawn count percentage of total count
 G = Total turns spent on level
                    A         B        C        D         E        F      G
               +---------+---------+-------+---------+---------+-------+---------
         Total |       0 |    8091 |   0.0 |       0 |     188 |   0.0 |  9457
               +---------+---------+-------+---------+---------+-------+---------
           D:1 |       0 |      33 |   0.0 |       0 |      21 |   0.0 |  1185
           D:2 |       0 |     245 |   0.0 |       0 |      38 |   0.0 |  1551
           D:3 |       0 |     361 |   0.0 |       0 |      29 |   0.0 |   797
           D:4 |       0 |     307 |   0.0 |       0 |      16 |   0.0 |  1050
           D:5 |       0 |    1815 |   0.0 |       0 |      26 |   0.0 |  1149
           D:6 |       0 |    1278 |   0.0 |       0 |      23 |   0.0 |  1402
           D:7 |       0 |    2108 |   0.0 |       0 |      30 |   0.0 |  1459
           D:8 |       0 |    1944 |   0.0 |       0 |       5 |   0.0 |   775
               +---------+---------+-------+---------+---------+-------+---------
